 Dungeon Crawl Stone Soup version 0.32-a0-918-g0f22ef8d61 (webtiles) character file.

Game seed: 331848000593399005

72 Doorstop00 the Covered (level 4, -8/29 HPs)
             Began as a Gargoyle Fighter on Apr 10, 2024.
             Killed by divine providence
             ... invoked by an orc priest
              (15 damage)
             ... on level 3 of the Dungeon.
             The game lasted 00:06:59 (1729 turns).

Doorstop00 the Covered (Gargoyle Fighter)           Turns: 1729, Time: 00:07:00

Health: -8/29      AC: 13    Str: 22    XL:     4   Next: 25%
Magic:  4/4        EV:  7    Int:  8    God:
Gold:   156        SH:  4    Dex:  9    Spells: 3/3 levels left

rFire   . . .        a - +0 flail
rCold   . . .        c - +0 buckler
rNeg    + . .        e - +1 chain mail
rPois   ∞            (no helmet)
rElec   +            (no cloak)
rCorr   .            (no gloves)
SInv    .            (no boots)
Will    .....        (no amulet) Stlth
                     (no ring)
HPRegen 0.24/turn    (no ring)
MPRegen 0.09/turn

%: no passive effects
@: no status effects
A: sickness immunity, AC +3, negative energy resistance 1, electricity
resistance, torment resistance 1, petrification resistance
a: Convert to Beogh


You were on level 3 of the Dungeon.
You visited 1 branch of the dungeon, and saw 3 of its levels.

You collected 156 gold pieces.

Inventory:

Hand Weapons
 a - a +0 flail (weapon)
Armour
 c - a +0 buckler (worn)
 e - a +1 chain mail (worn)
Potions
 b - a potion of mutation {unknown}
 d - 2 potions of might
 f - a potion of lignification {unknown}
 g - 2 potions of attraction {unknown}
 h - a potion of heal wounds {unknown}
 i - 2 potions of curing {unknown}


   Skills:
 * Level 3.7 Fighting
 * Level 3.1 Maces & Flails
 * Level 3.7 Armour
 * Level 0.6 Dodging
 * Level 3.7 Shields


You had 3 spell levels left.
You didn't know any spells.
Your spell library was empty.

Dungeon Overview and Level Annotations

Branches:
Dungeon (3/15)

Altars:


Innate Abilities, Weirdness & Mutations

You are immune to sickness and miasma.
Your stone body is resilient. (AC +3)
You are immune to poison.
You resist negative energy. (rN+)
You are resistant to electric shocks. (rElec)
You are resistant to unholy torment.
You are immune to petrification.


Message History

The orc priest shouts!
The orc priest calls down the wrath of Beogh upon you.
Beogh smites you!
Ouch! That really hurt!
* * * LOW HITPOINT WARNING * * *
The orc closely misses you.
The orc priest shouts, "Beogh offers mercy even to people such as you.
Join us and be reborn!" (press Y on the ability menu to convert to Beogh)
You hit the orc.
You kill the orc!
You hit the dart slug.
The dart slug is heavily wounded.
The dart slug closely misses you.
The orc priest shouts, "The Pantheon deserves no one's loyalty.
Let us show you the true path!"
You hit the dart slug but do no damage.
The dart slug is heavily wounded.
The orc priest looks encouraged for a moment.
The dart slug bites you but does no damage.
You sock the dart slug!
You kill the dart slug!
The orc priest looks satisfied for a moment.
You block the orc's attack. The orc attacks as it pursues you!
The orc hits you with a +0 dagger.
* * * LOW HITPOINT WARNING * * *
You block the orc's attack.
You are too injured to fight recklessly!
You are too injured to fight recklessly!
You are too injured to fight recklessly!
You are too injured to fight recklessly!
You are too injured to fight recklessly!
You are too injured to fight recklessly!
You hit the orc.
The orc is lightly wounded.
The orc hits you but does no damage.
The orc priest hits you but does no damage.
You barely miss the orc priest. The orc closely misses you.
The orc priest mumbles some strange prayers to Beogh against you.
Beogh smites you!
Ouch! That really hurt!
You die...

###..####
##....## #.##..#
#.###.# #.# #.#
#.# #.### ## #.#
#...### ..##
#.#####..o# .....
......###@#......
......).o....$.#
###..#####....##
# ....# .....
##.## ... .#


You could see an orc priest and an orc.

Vanquished Creatures
  An adder (D:3)
  2 dart slugs (D:3)
  3 orcs (D:3)
  2 ball pythons
  7 endoplasms
  2 giant cockroaches
  4 hobgoblins
  7 quokkas
  7 bats
  5 frilled lizards
  5 goblins
  3 kobolds
  2 rats (D:1)
50 creatures vanquished.

Notes
Turn   | Place    | Note
-------+----------+-------------------------------------------
     0 | D:1      | Doorstop00 the Gargoyle Fighter began the quest for the
                  | Orb.
     0 | D:1      | Reached XP level 1. HP: 14/14 MP: 1/1
   245 | D:1      | Reached XP level 2. HP: 19/19 MP: 2/2
   569 | D:1      | Reached XP level 3. HP: 21/23 MP: 3/3
  1684 | D:3      | Reached XP level 4. HP: 29/29 MP: 4/4
  1729 | D:3      | Killed from afar by an orc priest

Illustrated notes

Levels and vault maps discovered:
D:1:      nzn_arrival_water_spiral, layout_loops_corners, serial_bayou_ford_a,
          serial_bayou_lake_a
D:2:      layout_rooms, dreamdust_wishing_well, minmay_bisected
D:3:      layout_basic, grunt_ministairs_13, minivault_5, uniq_natasha,
          uniq_robin

Skill      XL: |  1  2  3 |
---------------+----------+-----
Maces & Flails | 3 |  3.1
Fighting       | |  3.7
Armour         | |  3.7
Dodging        | |  0.6
Shields        | |  3.7

Action                     |  1- 3 |  4- 6 || total
---------------------------+-------+-------++-------
  Melee: Flail             |   142 |    20 ||   162
    Use: Scroll            |     4 |       ||     4
 Armour: Scale mail        |     7 |       ||     7
         Chain mail        |    85 |    16 ||   101
  Dodge: Dodged            |    67 |     3 ||    70
  Block: Buckler           |    39 |     4 ||    43

Table legend: (Time is in decaauts)
 A = Elapsed time spent in this place.
 B = Non-inter-level travel time spent in this place.
 C = Inter-level travel time spent in this place.
 D = Time resting spent in this place.
 E = Time spent auto-exploring this place.
 F = Levels seen in this place.
 G = Mean time per level.
                   A        B        C        D        E       F      G
               +--------+--------+--------+--------+--------+-----+--------+
         Total |   1810 |   1764 |     46 |     45 |   1230 |   3 |  603.3 |
       Dungeon |   1810 |   1764 |     46 |     45 |   1230 |   3 |  603.3 |
               +--------+--------+--------+--------+--------+-----+--------+

Top non-repeatable levels by time:
     D:1: 983 daAuts
     D:2: 694 daAuts
     D:3: 132 daAuts
